 Dungeon Crawl Stone Soup version 0.30-a0-860-g512cf1e979 (webtiles) character file.

Game seed: 7134620079606141437

37 browni3141 the Sneak (level 3, -7/20 HPs)
             Began as a Kobold Artificer on Mar 7, 2023.
             Mangled by a worm (8 damage)
             ... on level 2 of the Dungeon.
             The game lasted 00:01:36 (1126 turns).

browni3141 the Sneak (Kobold Artificer)             Turns: 1126, Time: 00:01:37

Health: -7/20      AC:  3    Str:  9    XL:     3   Next: 62%
Magic:  3/3        EV: 14    Int: 12    God:
Gold:   63         SH:  0    Dex: 17    Spells: 2/2 levels left

rFire   . . .      SeeInvis .    a - +0 club
rCold   . . .      Faith    .    (no shield)
rNeg    . . .      Spirit   .    b - +0 leather armour
rPois   .          Reflect  .    (no helmet)
rElec   .          Rampage  .    (no cloak)
rCorr   .                        (no gloves)
Will    .....                    (no boots)
Stlth   ++++                     (no amulet)
HPRegen 0.23/turn                (no ring)
MPRegen 0.08/turn                (no ring)

@: no status effects
A: small, no large weapons, nightstalker 3
a: no special abilities


You were on level 2 of the Dungeon.
You visited 1 branch of the dungeon, and saw 2 of its levels.

You collected 63 gold pieces.

Inventory:

Hand Weapons
 a - a +0 club (weapon)
Armour
 b - a +0 leather armour (worn)
Wands
 c - a wand of flame (13) (quivered)
 d - a wand of charming (12)
 e - a wand of iceblast (4)
Scrolls
 f - a scroll of vulnerability
 g - a scroll of poison
 h - a scroll of fear {unknown}
 i - 2 scrolls of blinking {unknown}
 j - a scroll of brand weapon {unknown}
 l - 2 scrolls of fog {unknown}
 m - 2 scrolls of torment {unknown}
 p - a scroll of immolation {unknown}
 q - a scroll of teleportation
Potions
 k - a potion of resistance {unknown}
 n - a potion of attraction {unknown}


   Skills:
 + Level 1.4 Fighting
 - Level 1.0 Armour
 + Level 2.7 Dodging
 - Level 4.0 Stealth
 + Level 3.7 Evocations


You had 2 spell levels left.
You didn't know any spells.
Your spell library contained the following spells:

 Spells                   Type           Power      Damage    Failure   Level
 Lesser Beckoning         Tloc           0%         N/A       56%         2
 Gell's Gravitas          Tloc           0%         N/A       80%         3
 Teleport Other           Tloc           0%         N/A       80%         3
 Vhi's Electric Charge    Tloc/Air       0%         N/A       80%         3
 Arcjolt                  Conj/Air       0%         1d10      100%        5
 Maxwell's Capacitive Co  Air            0%         ∞         100%        8


Dungeon Overview and Level Annotations

Branches:
Dungeon (2/15)

Altars:


Innate Abilities, Weirdness & Mutations

You are small and have problems with some larger weapons.
You are completely attuned to the shadows.


Message History

The quokka bites you. The quokka completely misses you.
You hit the quokka but do no damage. Your punch misses the quokka.
The quokka is moderately wounded.
The quokka completely misses you.
You closely miss the quokka.
The quokka is moderately wounded.
The quokka barely misses you.
A worm comes into view.
The quokka barely misses you.
You closely miss the quokka.
The quokka is moderately wounded.
The quokka bites you. The quokka barely misses you.
A worm comes into view.
You hit the quokka.
The quokka is almost dead.
The quokka bites you but does no damage.
You barely miss the quokka.
The quokka is almost dead.
The quokka barely misses you. The quokka bites you.
You are too injured to fight recklessly!
The quokka closely misses you. The worm bites you!
* * * LOW HITPOINT WARNING * * *
Aiming: Charm
Press: ? - help, Shift-Dir - straight line, f - worm
Aim: a worm (chance to affect: 67%)
The worm struggles to resist.
The quokka closely misses you.
Aiming: Charm
Press: ? - help, Shift-Dir - straight line, f/p - worm
Aim: a worm (chance to affect: 67%)
The worm struggles to resist.
The quokka misses you. The worm closely misses you.
Aiming: Charm
Press: ? - help, Shift-Dir - straight line, f/p - worm
Aim: a worm (chance to affect: 67%)
The worm is charmed.
The quokka closely misses you. The worm closely misses you.
The quokka misses you.
You hit the worm but do no damage. The quokka bites you.
* * * LOW HITPOINT WARNING * * *
The worm bites you!
You die...

##### #... ##r# ##w@#
###.w## ###............
##...#.........#.#
#########..###.........#.#
#..........# #.####....#.#
#..........# .#
#.#.#.########
#............
............>..
#..........##.
#..###.##......


You could see a worm (ally target), a quokka and a friendly worm (charmed).

Vanquished Creatures
  2 adders (D:2)
  2 endoplasms (D:1)
  A giant cockroach (D:1)
  3 hobgoblins (D:1)
  A quokka (D:2)
  3 ball pythons
  A frilled lizard (D:2)
  3 goblins (D:1)
  A kobold (D:1)
  A rat (D:1)
18 creatures vanquished.

Vanquished Creatures (others)
  2 plants (D:2)
2 creatures vanquished.

Grand Total: 20 creatures vanquished

Notes
Turn   | Place    | Note
-------+----------+-------------------------------------------
     0 | D:1      | browni3141 the Kobold Artificer began the quest for the
                  | Orb.
     0 | D:1      | Reached XP level 1. HP: 12/12 MP: 1/1
   192 | D:1      | Reached skill level 2 in Stealth
   339 | D:1      | Reached XP level 2. HP: 14/16 MP: 2/2
   364 | D:1      | Reached skill level 3 in Stealth
   938 | D:2      | Reached skill level 4 in Stealth
   938 | D:2      | Reached XP level 3. HP: 4/20 MP: 3/3
  1038 | D:2      | Reached skill level 1 in Armour
  1126 | D:2      | HP: 1/20 [quokka (2)]
  1126 | D:2      | Mangled by a worm

Illustrated notes

Levels and vault maps discovered:
D:1:      co_arrival_square_in_a_square_in_a_square, layout_basic,
          serial_park_tiny_1, minmay_tall_x
D:2:      layout_rooms, guppyfry_early_lair_pool

Skill      XL: |  1  2  3 |
---------------+----------+-----
Stealth        | 2 4 |  4.0
Armour         | 1 |  1.0
Fighting       | |  1.4
Dodging        | |  2.7
Evocations     | |  3.7

Action                     || total
---------------------------++-------
  Melee: Club              ||    92
         Punch             ||     1
  Evoke: Wand              ||     6
    Use: Scroll            ||     4
   Stab: Sleeping          ||     8
 Armour: Leather armour    ||    19
  Dodge: Dodged            ||    88

Table legend: (Time is in decaauts)
 A = Elapsed time spent in this place.
 B = Non-inter-level travel time spent in this place.
 C = Inter-level travel time spent in this place.
 D = Time resting spent in this place.
 E = Time spent auto-exploring this place.
 F = Levels seen in this place.
 G = Mean time per level.
                   A        B        C        D        E       F      G
               +--------+--------+--------+--------+--------+-----+--------+
         Total |   1155 |   1123 |     32 |     59 |    827 |   2 |  577.5 |
       Dungeon |   1155 |   1123 |     32 |     59 |    827 |   2 |  577.5 |
               +--------+--------+--------+--------+--------+-----+--------+

Top non-repeatable levels by time:
     D:1: 928 daAuts
     D:2: 227 daAuts
